 Dungeon Crawl Stone Soup version 0.23-a0-641-g0a7f1ce553 (webtiles) character file.

530427 HereIgoKillingAgain the Merfolkian Porcupine (level 25, 0/210 HPs)
             Began as a Merfolk Gladiator on Dec 30, 2018.
             Was the Champion of Yredelemnul.
             Splashed by the Royal Jelly's acid (3 damage)
             ... on level 5 of the Pits of Slime.
             The game lasted 02:09:08 (56148 turns).

HereIgoKillingAgain (MfGl)                         Turns: 56148, Time: 02:09:09

Health: 0/210      AC: 18    Str: 24    XL:     25   Next: 61%
Magic:  0/39       EV: 20    Int: 22    God:    Yredelemnul [******]
Gold:   1629       SH:  0    Dex: 14    Spells: 24/48 levels left

rFire    + + +     SeeInvis +   a - +8 glaive of the Guard {elec, +Rage AC+5 SInv}
rCold    + . .     Gourm    .   (shield currently unavailable)
rNeg     + . .     Faith    .   L - +5 chain mail of the Camelopard {*Drain MR+ rCorr}
rPois    +         Spirit   +   c - +1 helmet
rElec    .         Reflect  .   n - +2 cloak {rPois}
rCorr    +         Harm     .   X - +0 pair of gloves of the Game of Kings {MR+ Regen+ rCorr Int+6}
MR       +++++                  w - +1 pair of boots {run}
Stlth    ..........             T - amulet "Cuho" {Spirit rF+++ MR++ Str-3 Int-2}
HPRegen  0.85/turn              i - +4 ring of protection
MPRegen  0.26/turn              Y - ring of the Barracuda {rC+ rN+ Str+4 Int+3 Dex-2}

@: mighty, singing, corroded, hasted, studying 2 skills, very quick
A: change form in water, swift swim, stealthy swim
}: 3/15 runes: barnacled, silver, gossamer
a: Recall Undead Slaves, Injury Mirror, Animate Dead, Drain Life, Enslave Soul,
Renounce Religion, Evoke Berserk Rage


You were on level 5 of the Pits of Slime.
You worshipped Yredelemnul.
Yredelemnul was exalted by your worship.
You were not hungry.

You visited 12 branches of the dungeon, and saw 54 of its levels.

You collected 6790 gold pieces.
You spent 5161 gold pieces at shops.

Inventory:

Hand Weapons
 a - the +8 glaive of the Guard (weapon) {elec, +Rage AC+5 SInv}
   (You found it on level 1 of the Lair of Beasts)

   Occasionally, upon striking a foe, it will discharge some electrical energy
   and cause terrible harm.
   It affects your AC (+5).
   It lets you see invisible.
   It lets you go berserk.
Missiles
 H - a throwing net (quivered)
Armour
 c - a +1 helmet (worn)
 n - a +2 cloak of poison resistance (worn)
 w - a +1 pair of boots of running (worn)
 L - the +5 chain mail of the Camelopard (worn) {*Drain MR+ rCorr}
   (You bought it in a shop on level 3 of the Elven Halls)

   It affects your resistance to hostile enchantments.
   It provides partial protection from all sources of acid and corrosion.
   It causes draining when unequipped.
 X - the +0 pair of gloves of the Game of Kings (worn) {MR+ Regen+ rCorr Int+6}
   (You acquired it on level 4 of the Shoals)

   It affects your intelligence (+6).
   It affects your resistance to hostile enchantments.
   It increases your rate of regeneration.
   It provides partial protection from all sources of acid and corrosion.
 Z - +1 gold dragon scales
Jewellery
 i - a +4 ring of protection (left hand)
 t - the ring "Qegamein" {rPois Int+2 Stlth-}
   (You found it on level 3 of the Elven Halls)

   [ring of attention]

   It affects your intelligence (+2).
   It protects you from poison.
   It makes you less stealthy.
 C - a +3 ring of strength
 G - a +1 ring of evasion
 J - an uncursed ring of protection from magic
 K - an uncursed ring of stealth
 M - an uncursed amulet of the gourmand
 S - an uncursed ring of protection from fire
 T - the amulet "Cuho" (around neck) {Spirit rF+++ MR++ Str-3 Int-2}
   (You found it on level 2 of the Depths)

   [amulet of guardian spirit]

   It causes incoming damage to be split between your health and magic.
   It affects your strength (-3).
   It affects your intelligence (-2).
   It renders you almost immune to fire.
   It affects your resistance to hostile enchantments.
 Y - the ring of the Barracuda (right hand) {rC+ rN+ Str+4 Int+3 Dex-2}
   (You bought it in a shop on level 2 of the Orcish Mines)

   [ring of protection from cold]

   It affects your strength (+4).
   It affects your intelligence (+3).
   It affects your dexterity (-2).
   It protects you from cold.
   It protects you from negative energy.
Wands
 P - a wand of digging (10)
Scrolls
 b - 8 scrolls of identify
 k - 5 scrolls of fear
 l - 12 scrolls of teleportation
 m - 9 scrolls of amnesia
 q - 17 scrolls of remove curse
 u - 3 scrolls of torment
 y - a scroll of vulnerability
 D - 6 scrolls of enchant weapon
 E - 8 scrolls of enchant armour
 F - 3 scrolls of fog
 I - 8 scrolls of blinking
 N - 4 scrolls of immolation
 Q - 2 scrolls of magic mapping
 U - a scroll of silence
 V - 2 scrolls of summoning
Potions
 d - 6 potions of berserk rage
 e - 3 potions of ambrosia
 g - 8 potions of flight
 h - 2 potions of heal wounds
 o - 9 potions of brilliance
 p - a potion of agility
 s - 22 potions of curing
 v - 4 potions of cancellation
 x - 5 potions of might
 z - a potion of invisibility
 O - 2 potions of magic
Books
 j - a manual of Maces & Flails
 W - a manual of Shields
Comestibles
 f - 61 rations


   Skills:
 + Level 19.8 Fighting
 O Level 27 Polearms
 - Level 2.0 Throwing
 * Level 9.0 Armour
 - Level 21.2 Dodging
 + Level 12.1 Spellcasting
 - Level 15.2 Charms
 * Level 11.0 Necromancy
 * Level 11.0 Translocations
 - Level 11.2 Air Magic


You had 24 spell levels left.
You knew the following spells:

 Your Spells              Type           Power        Failure   Level  Hunger
a - Song of Slaying       Chrm           ######..     1%          2    None
b - Deflect Missiles      Chrm/Air       ######....   19%         6    #####..
c - Shroud of Golubria    Chrm/Tloc      ######....   1%          2    None
d - Death Channel         Necr           ######....   41%         6    #####..
e - Controlled Blink      Tloc           N/A          100%        8    #######

Your spell library contained the following spells:

 Spells                   Type           Power        Failure   Level  Hunger
 Animate Skeleton         Necr           N/A          1%          1    None
 Apportation              Tloc           ######       1%          1    None
 Infusion                 Chrm           ####         1%          1    None
 Pain                     Necr           ####         1%          1    None
 Blink                    Tloc           N/A          1%          2    None
 Corpse Rot               Necr           N/A          1%          2    None
 Swiftness                Chrm/Air       ######..     1%          2    None
 Gell's Gravitas          Tloc           ######....   1%          3    None
 Lesser Beckoning         Tloc           ######....   1%          3    None
 Regeneration             Chrm/Necr      ######....   1%          3    None
 Teleport Other           Tloc           ######..     1%          3    None
 Vampiric Draining        Necr           ######....   1%          3    None
 Spectral Weapon          Hex/Chrm       #####...     3%          3    None
 Animate Dead             Necr           N/A          3%          4    None
 Passage of Golubria      Tloc           N/A          3%          4    None
 Poisonous Vapours        Pois/Air       #####.       4%          2    None
 Portal Projectile        Hex/Tloc       #####.       9%          3    None
 Recall                   Summ/Tloc      N/A          9%          3    None
 Static Discharge         Conj/Air       #####...     9%          3    None
 Agony                    Necr           ######..     9%          5    ####...
 Mephitic Cloud           Conj/Pois/Air  ####....     17%         3    None
 Confusing Touch          Hex            ##....       26%         1    None
 Corona                   Hex            ##.....      26%         1    None
 Flame Tongue             Conj/Fire      ##...        26%         1    None
 Magic Dart               Conj           ##..         26%         1    None
 Sting                    Conj/Pois      ##..         26%         1    None
 Summon Butterflies       Summ           ##......     26%         1    None
 Summon Small Mammal      Summ           ##..         26%         1    None
 Summon Lightning Spire   Summ/Air       #####...     26%         4    None
 Force Lance              Conj/Tloc      #####...     28%         4    None
 Call Imp                 Summ           ##......     38%         2    None
 Ensorcelled Hibernation  Hex/Ice        ##....       38%         2    None
 Searing Ray              Conj           ##....       38%         2    None
 Slow                     Hex            ##......     38%         2    None
 Throw Flame              Conj/Fire      ##....       38%         2    None
 Throw Frost              Conj/Ice       ##....       38%         2    None
 Dispersal                Tloc           ######....   41%         6    #####..
 Lightning Bolt           Conj/Air       #####.....   58%         5    ####...
 Borgnjor's Vile Clutch   Necr/Erth      #####.....   61%         5    ####...
 Summon Forest            Summ/Tloc      #####.....   61%         5    ####...
 Call Canine Familiar     Summ           ##......     63%         3    None
 Confuse                  Hex            ##......     63%         3    None
 Conjure Flame            Conj/Fire      ##......     63%         3    None
 Dazzling Spray           Conj/Hex       ##....       63%         3    None
 Ignite Poison            Fire/Tmut/Pois ##......     63%         3    None
 Inner Flame              Hex/Fire       ##......     63%         3    None
 Spider Form              Tmut/Pois      ##........   63%         3    None
 Stone Arrow              Conj/Erth      ##....       63%         3    None
 Summon Guardian Golem    Hex/Summ       ##......     63%         3    None
 Tukima's Dance           Hex            ##......     63%         3    None
 Fulminant Prism          Conj/Hex       ##........   95%         4    None
 Ice Form                 Ice/Tmut       ##......     95%         4    None
 Iskenderun's Mystic Bla  Conj           ##......     95%         4    None
 Leda's Liquefaction      Hex/Erth       ##........   95%         4    None
 Olgreb's Toxic Radiance  Pois           ##......     95%         4    None
 Sticky Flame             Conj/Fire      ##......     95%         4    None
 Summon Ice Beast         Ice/Summ       ##......     95%         4    None
 Conjure Ball Lightning   Conj/Air       #####.....   99%         6    #####..
 Simulacrum               Ice/Necr       #####.....   99%         6    #####..
 Aura of Abjuration       Summ           ##........   100%        5    ####...
 Fireball                 Conj/Fire      ##........   100%        5    ####...
 Irradiate                Conj/Tmut      ##........   100%        5    ####...
 Metabolic Englaciation   Hex/Ice        ##........   100%        5    ####...
 Summon Demon             Summ           ##........   100%        5    ####...
 Summon Mana Viper        Hex/Summ       ##......     100%        5    ####...
 Venom Bolt               Conj/Pois      ##........   100%        5    ####...
 Yara's Violent Unravell  Hex/Tmut       ##........   100%        5    ####...
 Bolt of Cold             Conj/Ice       ##........   100%        6    #####..
 Bolt of Fire             Conj/Fire      ##........   100%        6    #####..
 Freezing Cloud           Conj/Ice/Air   ####......   100%        6    #####..
 Hydra Form               Tmut           ##........   100%        6    #####..
 Ozocubu's Refrigeration  Ice            ##........   100%        6    #####..
 Poison Arrow             Conj/Pois      ##........   100%        6    #####..
 Shadow Creatures         Summ           N/A          100%        6    #####..
 Statue Form              Tmut/Erth      ##.......    100%        6    #####..
 Dragon Form              Tmut           ##........   100%        7    #######
 Ring of Flames           Chrm/Fire      #####.....   100%        7    #######
 Summon Hydra             Summ           ##........   100%        7    #######
 Chain Lightning          Conj/Air       #####.....   100%        8    #######
 Death's Door             Chrm/Necr      ######....   100%        8    #######
 Disjunction              Tloc           ######....   100%        8    #######
 Ignition                 Fire           ##........   100%        8    #######
 Lehudib's Crystal Spear  Conj/Erth      ##........   100%        8    #######
 Fire Storm               Conj/Fire      ##........   100%        9    #######
 Glaciate                 Conj/Ice       ##........   100%        9    #######
 Shatter                  Erth           ##........   100%        9    #######
 Tornado                  Air            ######....   100%        9    #######


Dungeon Overview and Level Annotations

Branches:
Dungeon (15/15)            Temple (1/1) D:6            Lair (6/6) D:9
 Shoals (4/4) Lair:4       Spider (4/4) Lair:3        Slime (5/5) Lair:5
    Orc (2/2) D:10            Elf (3/3) Orc:2        Vaults (5/5) D:13
  Crypt (3/3) Vaults:3       Tomb (0/3) Crypt:3      Depths (5/5) D:15
   Hell (1/1)                 Zot (0/5) Depths:5
    Dis: Hell:1         Geh: Hell:1         Coc: Hell:1         Tar: Hell:1

Altars:
Ashenzari
Cheibriados
Dithmenos
Elyvilon
Fedhas
Gozag
Hepliaklqana
Kikubaaqudgha
Makhleb
Nemelex Xobeh
Okawaru
Qazlal
Ru
Sif Muna
Trog
Uskayaw
Vehumet
Wu Jian
Xom
Yredelemnul
Zin
The Shining One

Shops:
D:4 :   D:5 :   D:6 %   Orc:2 (((=   Elf:3 ![   Shoals:1 %   Shoals:3 ?
Shoals:4 ?*((:   Vaults:1 [=!*(   Vaults:2 !   Vaults:3 *   Vaults:5 [

Portals:
Hell: Depths:1 Depths:2 Depths:3 Depths:4 Depths:5
Abyss: Depths:4
Pandemonium: Depths:3
Ziggurat: Depths:3

Annotations:
D:6 3 runed doors, nago's ghost, novice HOMo
Lair:1 2 transporters, Wuuth's ghost, journeyman DrIE
Slime:5 Royal Jelly
Vaults:2 3 runed doors, Viusuagh's ghost, adept MiSk
Depths:1 2 transporters, Mosown's ghost, adept MiFi
Depths:2 1 runed door
Depths:3 3 runed doors
Hell Geryon


Message History

The death ooze hits you!
* * * LOW HITPOINT WARNING * * *
You feel your flesh rotting away! The death ooze closely misses you.
An azure jelly comes into view.
You feel much better. The Royal Jelly hits you!!!
* * * LOW HITPOINT WARNING * * *
The acid corrodes you!
You are splashed with acid!
The acid burns!
You resist.
* * * LOW HITPOINT WARNING * * *
The Royal Jelly hits you!
* * * LOW HITPOINT WARNING * * *
You are splashed with acid!
The acid burns!
You resist.
* * * LOW HITPOINT WARNING * * *
The acid blob misses you. The death ooze barely misses you.
The death ooze completely misses you.
The azure jelly moves out of view.
Okay, then.
You feel much better. The Royal Jelly hits you!!
* * * LOW HITPOINT WARNING * * *
You are splashed with acid!
The acid burns!
You resist.
You die...
Your body rises from the dead as a mindless zombie.

..................##,**,,**,**,,,
.................##,,,*,**,,,**,,
................##,,,**.,**,,,**,
...............##,,,,,##,*,,,,,**
...............#*,,,,##.,**,,,,**
...............#**,,#)#.**,*,,***
............J.J########.,********
............JJJ#JJ.#....,,,,*,,,*
.............JJJ@#,,,*,_,,*,,,*,,
.............JJ###*****,,********
.............J.#**,,*,*,**,*,,***
...............#*,,,,**,,**,,,,**
...............##,,,,,**,*,,,,,**
................##,,,**,,**,,,**,
.................##,,,*,**,,,**,.
..................#*,**,,**,**,,.
...................*****,****,,..


You could see the Royal Jelly, 5 acid blobs, 3 azure jellies and 3 death oozes.

Vanquished Creatures
  Mennas (Depths:3)
  An ancient lich (Vaults:5)
  A curse toe (Crypt:3)
  Margery (Vaults:3)
  A golden dragon (Depths:4)
  3 profane servitors (Vaults:5)
  Jory (Crypt:2)
  A bone dragon (Crypt:3)
  3 tentacled monstrosities
  Rupert (Lair:6)
  A lich (Crypt:3)
  2 quicksilver dragons (Vaults:5)
  5 titans
  A deep elf master archer (Elf:3)
  2 deep elf blademasters (Elf:3)
  8 acid blobs
  2 krakens
  3 ancient champions
  2 sphinxes
  A thorn hunter (Depths:3)
  7 shadow dragons
  Kirke (Shoals:1)
  2 storm dragons
  4 tengu reavers
  4 azure jellies
  2 revenants
  7 fire giants
  The ghost of Ymogidygg the Scorcher, a journeyman DrFE of Hepliaklqana (Shoals:1)
  6 deep elf sorcerers
  9 vault wardens
  A caustic shrike zombie (Depths:3)
  An iron dragon (Vaults:4)
  4 frost giants
  An emperor scorpion (Spider:4)
  3 ghouls
  6 deep elf elementalists
  7 ironheart preservers
  A reaper (Crypt:3)
  7 very ugly things
  5 vampire knights
  A war gargoyle (Vaults:5)
  13 stone giants
  8 deep elf demonologists
  5 entropy weavers
  A black draconian (Depths:5)
  2 yellow draconians (Depths:5)
  An eidolon (Crypt:3)
  4 deep elf annihilators
  5 spark wasps
  5 merfolk javelineers
  7 ettins
  6 deep elf death magi
  A mummy priest (Crypt:3)
  2 deep elf high priests (Elf:3)
  12 yaktaur captains
  2 jiangshi
  9 fire dragons
  12 merfolk impalers
  Josephine (Shoals:1)
  6 ice dragons
  8 great orbs of eyes
  23 vault guards (Vaults:5)
  A hydra (shapeshifter) (D:15)
  2 rakshasas (Depths:1)
  3 merfolk aquamancers (Shoals:4)
  2 merfolk avatars
  Erica (D:8)
  A catoblepas (Lair:6)
  A spriggan air mage (Depths:4)
  3 hydras
  3 alligators (Depths:3)
  An alligator snapping turtle (Shoals:4)
  6 centaur warriors
  2 satyrs (Shoals:4)
  19 death yaks
  9 dancing weapons
  8 ogre magi
  24 two-headed ogres
  4 tengu warriors
  5 deep troll earth magi
  3 vampire magi
  2 spriggan berserkers (Depths:5)
  4 hell knights
  3 deep troll shamans
  An orc high priest (Elf:1)
  A soul eater (Crypt:2)
  9 deep elf knights
  3 shadow wraiths
  3 skeletal warriors (Crypt:2)
  An iron troll (Depths:4)
  11 sea snakes
  5 glowing orange brains
  2 unseen horrors
  A kraken simulacrum (Shoals:4)
  A wizard (Depths:3)
  6 deep trolls
  Pikel (D:4)
  5 ironbrand convokers
  7 deep elf archers
  3 phantasmal warriors
  8 orb spiders
  6 orc knights
  11 harpies
  12 manticores
  A harpy (shapeshifter) (Vaults:4)
  13 wolf spiders
  2 orc sorcerers (D:9)
  27 deep elf magi
  21 ugly things
  2 necromancers
  3 salamanders (shapeshifter)
  10 fauns
  A frost giant zombie (Depths:2)
  9 merfolk sirens
  9 cyclopes
  An elephant (Lair:6)
  Maurice (D:8)
  7 vault sentinels
  6 black mambas
  An eye of devastation (Slime:4)
  5 water nymphs
  Psyche (D:8)
  A gargoyle (D:14)
  A rime drake (Lair:5)
  5 centaur skeletons
  A komodo dragon (shapeshifter) (D:15)
  A spiny frog (shapeshifter) (Depths:3)
  7 spiny frogs
  3 freezing wraiths
  8 komodo dragons
  7 demonic crawlers
  30 yaktaurs
  3 guardian mummies
  A harpy zombie (Crypt:1)
  A tengu conjurer (D:14)
  23 merfolk
  5 hornets
  A troll (shapeshifter) (D:15)
  14 jumping spiders
  6 trolls
  2 polar bears (Lair:6)
  8 wind drakes
  An ettin zombie (Depths:2)
  55 slime creatures
  A hippogriff (shapeshifter) (Vaults:2)
  28 blink frogs
  An elf zombie (Depths:3)
  5 dream sheep (Shoals:2)
  9 hippogriffs
  8 snapping turtles
  30 redbacks
  A redback (shapeshifter) (Vaults:5)
  5 flying skulls
  16 tarantellas
  16 wraiths
  20 yaks
  3 tarantellas (shapeshifter)
  A dire elephant simulacrum (Crypt:1)
  5 basilisks
  11 water elementals
  4 shadows
  An ushabti (Crypt:3)
  2 wyverns
  3 air elementals
  4 golden eyes (Slime:1)
  7 hogs (Shoals:1)
  4 large abominations (Depths:4)
  4 vampire mosquitoes
  A hungry ghost (D:12)
  3 fire elementals
  3 swamp worms (Depths:3)
  A two-headed ogre zombie (Crypt:1)
  A gelid demonspawn zombie (Crypt:3)
  3 soldier ants
  An acid dragon (D:12)
  9 water moccasins
  7 wargs
  A soldier ant (shapeshifter) (Depths:4)
  7 porcupines
  2 floating eyes
  7 ice beasts
  42 orc warriors
  A sky beast (shapeshifter) (Vaults:4)
  2 hornet zombies
  An eye of draining (Slime:3)
  3 sky beasts
  A necrophage (D:15)
  4 black bears
  27 ogres
  2 phantoms
  2 black bears (shapeshifter)
  8 boggarts
  A dream sheep skeleton (Crypt:2)
  7 wolves
  26 centaurs
  12 crocodiles
  19 bullfrogs
  4 gnoll sergeants (D:10)
  A small abomination (Depths:4)
  An earth elemental (Elf:1)
  4 big kobolds
  A water moccasin zombie (D:8)
  A wyvern skeleton (D:12)
  5 scorpions
  A polar bear zombie (Crypt:1)
  12 killer bees
  3 wights
  A howler monkey (D:9)
  4 electric eels
  8 crimson imps
  8 centaur zombies
  A bullfrog zombie (D:12)
  2 quasits
  4 jellies
  A yaktaur simulacrum (Vaults:1)
  4 bullfrog skeletons
  19 orc priests
  16 hounds
  17 orc wizards
  An iron imp (Depths:4)
  Jessica (D:3)
  A demonspawn skeleton (Crypt:3)
  A human skeleton (Crypt:2)
  2 iguanas
  13 worker ants
  A naga skeleton (Crypt:2)
  2 mummies (Crypt:1)
  2 hound skeletons
  2 howler monkey zombies
  Robin (D:3)
  9 gnolls
  24 adders
  A shadow imp (D:8)
  3 oozes
  An iguana zombie (Crypt:2)
  A halfling skeleton (Crypt:2)
  4 worms
  3 leopard geckos
  95 orcs
  2 ball pythons
  6 bats
  8 giant cockroaches
  17 goblins
  14 hobgoblins
  10 jackals
  A quokka (shapeshifter) (Vaults:5)
  3 quokkas
  6 frilled lizards
  A frilled lizard skeleton (Crypt:1)
  A goblin zombie (D:7)
  A jackal skeleton (D:7)
  16 kobolds
  A leopard gecko zombie (D:5)
  8 rats
  A rat skeleton (Crypt:3)
  A rat zombie (D:7)
  A crawling corpse (Vaults:4)
  2 pillars of salt (Elf:2)
  4 plants
  2 tentacles
1547 creatures vanquished.

Vanquished Creatures (collateral kills)
  Saint Roka (Depths:3)
  Xtahua (Vaults:3)
  6 golden dragons
  Arachne (Spider:4)
  2 tentacled monstrosities
  A lich (Crypt:3)
  Asterion (Depths:3)
  A deep elf master archer (Elf:3)
  A quicksilver dragon (Depths:2)
  2 titans
  A deep elf blademaster (Elf:2)
  2 acid blobs (Slime:5)
  5 ancient champions
  3 sphinxes
  A thorn hunter (Depths:3)
  4 tengu reavers
  Donald (Elf:1)
  4 shadow dragons
  A draconian monk (Depths:5)
  3 iron dragons
  A storm dragon (Depths:5)
  An azure jelly (Slime:2)
  4 frost giants
  2 revenants (Crypt:3)
  6 vault wardens
  3 ghost moths
  5 fire giants
  2 emperor scorpions
  2 deep elf sorcerers
  A curse skull (Crypt:1)
  2 ghouls (Crypt:1)
  7 stone giants
  3 deep elf elementalists
  5 ironheart preservers
  17 very ugly things
  4 entropy weavers
  2 vampire knights
  3 deep elf demonologists
  3 yellow draconians (Depths:5)
  2 black draconians (Depths:5)
  5 spark wasps
  2 deep elf annihilators (Elf:3)
  6 ettins
  An eidolon (Crypt:1)
  7 fire dragons
  A mummy priest (Crypt:3)
  3 deep elf death magi
  3 jiangshi
  9 yaktaur captains
  3 deep elf high priests
  5 great orbs of eyes
  4 vault guards
  5 rakshasas
  5 hydras
  2 spriggan air magi
  5 ice dragons
  2 alligators (Depths:3)
  4 centaur warriors
  3 death knights (Crypt:1)
  33 two-headed ogres
  An anaconda (shapeshifter) (Depths:4)
  6 deep troll shamans
  5 tengu warriors
  12 dancing weapons
  A queen ant (Spider:1)
  2 death yaks (Lair:6)
  2 titan zombies (Crypt:3)
  11 ogre magi
  2 vampire magi
  2 deep troll earth magi
  4 hell knights
  11 deep elf knights
  16 slime creatures
  A titan skeleton (Crypt:2)
  4 iron trolls
  12 skeletal warriors
  4 shadow wraiths
  A ghost moth zombie (Crypt:1)
  2 unseen horrors (Depths:4)
  2 golden dragon zombies
  3 flayed ghosts
  A swamp dragon (Depths:3)
  8 ironbrand convokers
  22 deep trolls
  A glowing orange brain (Vaults:4)
  3 deep elf archers
  2 wizards (Vaults:3)
  8 orc knights
  5 necromancers
  3 harpies
  6 orb spiders
  34 ugly things
  2 orc sorcerers
  25 deep elf magi
  16 wolf spiders
  A frost giant zombie (Depths:2)
  A shining eye (Slime:2)
  2 centaur zombies (D:12)
  A cyclops (shapeshifter) (Vaults:2)
  A frost giant skeleton (Crypt:3)
  A fire giant skeleton (Crypt:1)
  4 moths of wrath
  3 cyclopes
  2 elephants (Lair:6)
  A guardian serpent (shapeshifter) (Vaults:3)
  An eye of devastation (Slime:2)
  9 vault sentinels
  24 yaktaurs
  6 freezing wraiths
  A catoblepas zombie (Crypt:1)
  3 centaur skeletons (D:12)
  A kobold demonologist (D:13)
  A queen ant zombie (Crypt:1)
  2 tengu conjurers
  An alligator snapping turtle skeleton (Crypt:3)
  A golden dragon simulacrum (Depths:3)
  A red draconian skeleton (Crypt:2)
  7 demonic crawlers
  5 guardian mummies
  A wind drake (shapeshifter) (Depths:4)
  4 merfolk
  A troll (D:12)
  28 jumping spiders
  A hydra skeleton (Crypt:3)
  3 meliai (Spider:4)
  A queen bee (Spider:4)
  2 wind drakes (Shoals:1)
  7 hornets
  A spriggan zombie (Depths:2)
  4 blink frogs
  A dream sheep (Shoals:2)
  A fire giant simulacrum (Depths:3)
  2 hippogriffs (D:12)
  3 flying skulls
  40 redbacks
  2 spriggans (Depths:5)
  14 tarantellas
  4 wraiths
  2 water elementals
  4 shadows
  7 yaks
  3 ushabtiu (Crypt:3)
  A tarantella (shapeshifter) (Depths:1)
  A basilisk (Lair:5)
  2 hungry ghosts
  A chaos spawn (Depths:4)
  2 swamp worms (Depths:3)
  2 wargs
  An acid dragon (Vaults:2)
  7 soldier ants (Spider:1)
  3 small abominations (Depths:4)
  A water moccasin (Lair:4)
  A floating eye (Depths:3)
  4 large abominations (Depths:4)
  17 ogres
  18 orc warriors
  A wolf (Lair:6)
  5 boggarts
  6 centaurs
  A swamp dragon skeleton (Crypt:1)
  A fire crab zombie (Crypt:1)
  A crocodile (D:13)
  4 bullfrogs
  2 earth elementals
  A glowing shapeshifter simulacrum (Depths:3)
  A draconian skeleton (Crypt:3)
  An elf simulacrum (Vaults:3)
  A snapping turtle simulacrum (Crypt:1)
  10 killer bees
  5 wights
  3 electric eels
  A crimson imp (D:13)
  2 bullfrog skeletons (D:12)
  A human zombie (Crypt:1)
  6 orc wizards
  A human skeleton (Crypt:1)
  An iguana (D:12)
  12 worker ants
  A dwarf zombie (Crypt:3)
  An ogre zombie (Crypt:3)
  An acid dragon skeleton (Crypt:2)
  A mummy (Crypt:1)
  An adder (D:12)
  A steam dragon skeleton (Crypt:1)
  2 oozes (Lair:5)
  A worm (shapeshifter) (Depths:4)
  26 orcs
  A quokka (D:12)
  A gnoll skeleton (Crypt:3)
  A butterfly (Lair:4)
  4 crawling corpses
  3 fungi
  10 pillars of salt (Elf:2)
  19 plants
883 creatures vanquished.

Vanquished Creatures (others)
  3 profane servitors
  2 bone dragons (Depths:1)
  7 ghouls
  3 vampire knights
  9 skeletal warriors
  4 flayed ghosts
  8 phantasmal warriors
  A wolf spider zombie (Spider:4)
  A shadow dragon zombie (Vaults:5)
  A sphinx zombie (Vaults:5)
  A shadow dragon skeleton (Vaults:5)
  An orb spider (Spider:4)
  A human zombie (Vaults:5)
  3 redback zombies
  A yaktaur skeleton (Vaults:5)
  A demonic crawler zombie (Spider:3)
  3 human skeletons (Vaults:5)
  A meliai zombie (Spider:4)
  2 tarantella zombies
  9 flying skulls
  3 wraiths
  12 vampires
  A wind drake zombie (Shoals:1)
  A deep troll zombie (Vaults:5)
  An orb spider zombie (Spider:3)
  2 hog zombies (Shoals:1)
  4 yaktaur zombies (Vaults:5)
  A wight (Lair:6)
  4 centaur zombies
  A soldier ant zombie (Spider:1)
  7 killer bee zombies (Spider:4)
  2 ogre zombies (Vaults:1)
  A mummy (D:14)
  4 worker ant zombies
  An orc (Elf:1)
  2 orc skeletons (Vaults:5)
  13 fungi
  14 plants
  9 tentacles
145 creatures vanquished.

Grand Total: 2575 creatures vanquished

Notes
Turn   | Place    | Note
-------+----------+-------------------------------------------
     0 | D:1      | HereIgoKillingAgain the Merfolk Gladiator began the quest
                  | for the Orb.
     0 | D:1      | Reached XP level 1. HP: 16/16 MP: 1/1
   265 | D:1      | Reached XP level 2. HP: 23/23 MP: 2/2
   313 | D:1      | Reached skill level 5 in Polearms
   561 | D:1      | Reached XP level 3. HP: 28/28 MP: 3/3
  1768 | D:2      | Reached skill level 6 in Polearms
  1768 | D:2      | Reached XP level 4. HP: 22/34 MP: 4/4
  2373 | D:3      | Noticed Robin
  2410 | D:3      | Killed Robin
  2410 | D:3      | Reached skill level 5 in Dodging
  2410 | D:3      | Reached XP level 5. HP: 29/41 MP: 5/5
  2471 | D:3      | Noticed Jessica
  2503 | D:3      | Reached skill level 7 in Polearms
  2515 | D:3      | Killed Jessica
  2515 | D:3      | Reached XP level 6. HP: 28/48 MP: 6/6
  2690 | D:3      | Found a faded altar of an unknown god.
  2986 | D:3      | Reached skill level 8 in Polearms
  3324 | D:4      | Reached XP level 7. HP: 55/55 MP: 7/7
  3360 | D:4      | Found a basalt altar of Yredelemnul.
  3421 | D:4      | Found Butux's Book Boutique.
  3473 | D:4      | Noticed Pikel
  3506 | D:4      | Killed Pikel
  3506 | D:4      | Reached skill level 5 in Fighting
  3506 | D:4      | Reached skill level 10 in Polearms
  3506 | D:4      | Reached XP level 8. HP: 62/62 MP: 8/8
  3639 | D:4      | Found a stormy altar of Qazlal.
  3862 | D:5      | Entered Level 5 of the Dungeon
  3931 | D:5      | Found Jeder's Book Shop.
  4771 | D:6      | Reached skill level 11 in Polearms
  4947 | D:6      | Found a staircase to the Ecumenical Temple.
  5050 | Temple   | Entered the Ecumenical Temple
  5386 | D:4      | Became a worshipper of Yredelemnul the Dark
  5607 | D:6      | Found a runed gate.
  5608 | D:6      | Found a runed gate.
  5609 | D:6      | Found an opulent altar of Gozag.
  5609 | D:6      | Found a runed gate.
  5610 | D:6      | Noticed a red ugly thing
  5610 | D:6      | Noticed nago's ghost (novice HOMo)
  5631 | D:6      | Found Bettaseapi's Food Emporium.
  6201 | D:7      | Reached XP level 9. HP: 70/70 MP: 9/9
  6220 | D:7      | Reached skill level 12 in Polearms
  6751 | D:7      | Found a sacrificial altar of Ru.
  6814 | D:8      | Noticed Maurice
  6870 | D:8      | Killed Maurice
  6870 | D:8      | Reached * piety under Yredelemnul
  7163 | D:8      | Reached skill level 13 in Polearms
  7266 | D:8      | Noticed Psyche
  7273 | D:8      | Killed Psyche
  7404 | D:8      | Noticed Erica
  7417 | D:8      | Killed Erica
  7417 | D:8      | Reached skill level 14 in Polearms
  7417 | D:8      | Reached skill level 10 in Dodging
  7417 | D:8      | Reached XP level 10. HP: 80/80 MP: 10/10
  7755 | D:9      | Noticed an orc sorcerer
  7756 | D:9      | Noticed an orc sorcerer
  7761 | D:9      | Killed an orc sorcerer
  7769 | D:9      | Killed an orc sorcerer
  7842 | D:9      | Reached skill level 15 in Polearms
  8139 | D:9      | Found a staircase to the Lair.
  8350 | D:9      | Found the +3 salamander hide armour {+Rage rF++}
  8965 | D:10     | Entered Level 10 of the Dungeon
  9019 | D:10     | Got a bound bronze ring
  9403 | D:10     | Reached ** piety under Yredelemnul
  9462 | D:10     | Found a staircase to the Orcish Mines.
  9468 | D:10     | Reached XP level 11. HP: 73/89 MP: 11/11
  9468 | D:10     | Reached skill level 16 in Polearms
  9609 | D:10     | Noticed a two-headed ogre
  9617 | D:10     | Killed a two-headed ogre
 10072 | D:11     | Identified the ring of Propriety {*Corrode rN+ Int+2 Dex+5}
                  | (You found it on level 10 of the Dungeon)
 10229 | D:11     | Noticed a white ugly thing
 10244 | D:11     | Killed a white ugly thing
 10244 | D:11     | Reached *** piety under Yredelemnul
 10244 | D:11     | Reached skill level 17 in Polearms
 10338 | D:11     | Noticed a six-headed hydra
 10345 | D:11     | Killed a six-headed hydra
 10345 | D:11     | Reached skill level 10 in Fighting
 10918 | D:12     | Noticed a centaur warrior
 10992 | Lair:1   | Entered Level 1 of the Lair of Beasts
 11109 | Lair:1   | Received a gift from Yredelemnul (a mummy)
 11151 | Lair:1   | Found the +8 glaive of the Guard {elec, +Rage AC+5 SInv}
 11236 | Lair:1   | Found a transporter.
 11236 | Lair:1   | Found a transporter.
 11248 | Lair:1   | Noticed Wuuth's ghost (journeyman DrIE)
 11292 | Lair:1   | Reached skill level 18 in Polearms
 11314 | Lair:1   | Reached XP level 12. HP: 84/98 MP: 12/12
 11961 | Lair:2   | Reached skill level 19 in Polearms
 12620 | Lair:3   | Reached **** piety under Yredelemnul
 12858 | Lair:3   | Reached skill level 20 in Polearms
 13157 | Lair:3   | Found a hole to the Spider Nest.
 13279 | Lair:4   | Reached skill level 21 in Polearms
 13287 | Lair:4   | Noticed an eight-headed hydra
 13296 | Lair:4   | Killed an 11-headed hydra
 13399 | Lair:4   | Found a staircase to the Shoals.
 13566 | Lair:4   | Received a gift from Yredelemnul (4 flying skulls)
 13799 | Lair:4   | Reached XP level 13. HP: 104/104 MP: 13/13
 14220 | Lair:5   | Reached ***** piety under Yredelemnul
 14420 | Lair:5   | Found a staircase to the Slime Pits.
 14427 | Lair:5   | Received a gift from Yredelemnul (a wight)
 14885 | Lair:6   | Entered Level 6 of the Lair of Beasts
 14901 | Lair:6   | Reached skill level 22 in Polearms
 15757 | Lair:6   | Received a gift from Yredelemnul (a wraith)
 15760 | Lair:6   | Noticed Rupert
 15782 | Lair:6   | Killed Rupert
 15924 | Lair:6   | Reached XP level 14. HP: 105/115 MP: 14/14
 16093 | Lair:6   | Found a deep blue altar of Sif Muna.
 16168 | Lair:6   | Reached skill level 23 in Polearms
 16378 | Lair:6   | Received a gift from Yredelemnul (5 flying skulls)
 16417 | Lair:6   | Reached skill level 15 in Dodging
 16424 | Lair:6   | Received a gift from Yredelemnul (a vampire)
 17586 | D:12     | Received a gift from Yredelemnul (a phantasmal warrior)
 17857 | D:12     | Got a brightly glowing scale mail
 17868 | D:12     | Identified the cursed +1 scale mail "Noug" {rPois rF++
                  | Regen+ Slay-4} (You found it on level 12 of the Dungeon)
 17982 | D:12     | Received a gift from Yredelemnul (a wraith)
 18118 | D:12     | Received a gift from Yredelemnul (a phantasmal warrior)
 18598 | D:13     | Reached ****** piety under Yredelemnul
 18612 | D:13     | Reached XP level 15. HP: 125/125 MP: 15/15
 18616 | D:13     | Received a gift from Yredelemnul (a vampire)
 19109 | D:13     | Reached skill level 24 in Polearms
 19550 | D:13     | Received a gift from Yredelemnul (a vampire)
 19985 | D:13     | Found a gate to the Vaults.
 20318 | D:14     | Received a gift from Yredelemnul (a vampire)
 20792 | D:15     | Entered Level 15 of the Dungeon
 21089 | D:15     | Found a staircase to the Depths.
 21649 | Shoals:1 | Entered Level 1 of the Shoals
 21726 | Shoals:1 | Found a glowing silver altar of Zin.
 21762 | Shoals:1 | Found a runed gate.
 21762 | Shoals:1 | Found a runed gate.
 21762 | Shoals:1 | Found a runed gate.
 21765 | Shoals:1 | Noticed Ymogidygg's ghost (journeyman DrFE)
 21770 | Shoals:1 | Noticed a kraken
 21904 | Shoals:1 | Noticed Kirke
 21948 | Shoals:1 | Killed Kirke
 21948 | Shoals:1 | Reached skill level 15 in Fighting
 21993 | Shoals:1 | Reached XP level 16. HP: 70/136 MP: 16/16
 22155 | Shoals:1 | Found Noilua's Food Shop.
 22418 | Shoals:1 | Noticed Josephine
 22435 | Shoals:1 | Killed Josephine
 22443 | Shoals:1 | Received a gift from Yredelemnul (a wraith)
 22653 | Shoals:1 | Reached skill level 25 in Polearms
 22967 | Shoals:1 | Killed Ymogidygg's ghost
 22981 | Shoals:1 | Killed a kraken
 22983 | Shoals:1 | Got a slimy lead ring
 23004 | Shoals:1 | Identified the Tome of Toxins and Feathers
 23018 | Shoals:1 | Learned a level 6 spell: Deflect Missiles
 23018 | Shoals:1 | Identified the ring of the Prince {+Fly rC+ Int+2 Dex-3}
                  | (You found it on level 1 of the Shoals)
 23107 | Shoals:2 | Reached skill level 1 in Charms
 23117 | Shoals:2 | Received a gift from Yredelemnul (a wraith)
 23155 | Shoals:2 | Reached skill level 1 in Air Magic
 23291 | Shoals:2 | Reached skill level 1 in Spellcasting
 23299 | Shoals:2 | Received a gift from Yredelemnul (a phantasmal warrior)
 23605 | Shoals:2 | Noticed a kraken
 23619 | Shoals:2 | Killed a kraken
 24296 | Shoals:3 | Received a gift from Yredelemnul (a skeletal warrior)
 24608 | Shoals:3 | Received a gift from Yredelemnul (a vampire)
 25119 | Shoals:3 | Found Okloptoa's Magic Scroll Emporium.
 25325 | Shoals:4 | Entered Level 4 of the Shoals
 25331 | Shoals:4 | Found Caschoj's Magic Scroll Boutique.
 25449 | Shoals:4 | Reached skill level 5 in Charms
 25590 | Shoals:4 | Found Lygiv's Assorted Antiques.
 25611 | Shoals:4 | Reached XP level 17. HP: 140/143 MP: 21/21
 25642 | Shoals:4 | Found Niwufuf's Antique Weapon Boutique.
 26098 | Shoals:4 | Found Tudwap Helo's Antique Weapon Shoppe.
 26142 | Shoals:4 | Got a barnacled rune of Zot
 26151 | Shoals:4 | Found Yxocsotu's Book Shop.
 26204 | Shoals:4 | Identified the +5 great mace of Fate {crush, *Noise rC-
                  | rN+++ Dex+2}
 26481 | Shoals:4 | Reached skill level 5 in Air Magic
 26611 | Shoals:4 | Bought a scroll of teleportation for 48 gold pieces
 26611 | Shoals:4 | Bought a scroll of noise for 16 gold pieces
 26611 | Shoals:4 | Bought a scroll of acquirement for 832 gold pieces
 26613 | Shoals:4 | Got a pair of crude gloves
 26619 | Shoals:4 | Identified the +0 pair of gloves of the Game of Kings {MR+
                  | Regen+ rCorr Int+6} (You acquired it on level 4 of the
                  | Shoals)
 26844 | Orc:1    | Entered Level 1 of the Orcish Mines
 26977 | Orc:2    | Entered Level 2 of the Orcish Mines
 26987 | Orc:2    | Received a gift from Yredelemnul (a vampire knight)
 27030 | Orc:2    | Received a gift from Yredelemnul (a profane servitor)
 27293 | Orc:2    | Received a gift from Yredelemnul (a ghoul)
 27397 | Orc:2    | Found Uzavack's Jewellery Boutique.
 27417 | Orc:2    | Found Ecrymaph's Antique Weapon Emporium.
 27417 | Orc:2    | Found Wuablon's Weapon Shop.
 27437 | Orc:2    | Found Qoytucali's Antique Weapon Shoppe.
 27448 | Orc:2    | Bought the ring of the Barracuda {rC+ rN+ Str+4 Int+3
                  | Dex-2} for 467 gold pieces
 27451 | Orc:2    | Bought a warped glaive for 345 gold pieces
 27454 | Orc:2    | Bought an uncursed ring of protection from fire for 250
                  | gold pieces
 27454 | Orc:2    | Bought an uncursed ring of fire for 250 gold pieces
 27454 | Orc:2    | Bought a cursed amulet of inaccuracy for 20 gold pieces
 27454 | Orc:2    | Identified the cursed +1 glaive "Utwuwya" {venom, rC+
                  | Dex+4} (You bought it in a shop on level 2 of the Orcish
                  | Mines)
 27560 | Orc:2    | Found a staircase to the Elven Halls.
 27886 | Spider:1 | Entered Level 1 of the Spider Nest
 27893 | Spider:1 | Received a gift from Yredelemnul (a vampire)
 28294 | Spider:1 | Received a gift from Yredelemnul (a profane servitor)
 28327 | Spider:1 | Received a gift from Yredelemnul (a phantasmal warrior)
 28448 | Spider:1 | Received a gift from Yredelemnul (a phantasmal warrior)
 29077 | Spider:2 | Received a gift from Yredelemnul (a bone dragon)
 29272 | Spider:2 | Got a polished long sword
 29273 | Spider:2 | Identified the +10 long sword of the Unspeakable One
                  | {slice, +Inv rN+ Str+3 Dex-3} (You found it on level 2 of
                  | the Spider Nest)
 29306 | Spider:3 | Reached XP level 18. HP: 141/151 MP: 23/25
 30366 | Spider:4 | Entered Level 4 of the Spider Nest
 30379 | Spider:4 | Reached skill level 5 in Spellcasting
 30479 | Spider:4 | Noticed Arachne
 30695 | Spider:4 | Killed Arachne
 31135 | Spider:4 | Got a gossamer rune of Zot
 31412 | Vaults:1 | Entered Level 1 of the Vaults
 31432 | Vaults:1 | Found Gulali's General Store.
 31608 | Vaults:1 | Found Dapluesm's Antique Weapon Boutique.
 31745 | Vaults:1 | Received a gift from Yredelemnul (a skeletal warrior)
 31838 | Vaults:1 | Reached skill level 10 in Charms
 31967 | Vaults:1 | Found Woxuig's Distillery.
 32098 | Vaults:1 | Found Vupuffoo's Jewellery Shop.
 32130 | Vaults:1 | Received a gift from Yredelemnul (a phantasmal warrior)
 32164 | Vaults:1 | Identified the +6 hand axe "Codoaph" {venom, Str-3 Dex+7
                  | Stlth+}
 32165 | Vaults:1 | Noticed a tentacled monstrosity
 32171 | Vaults:1 | Killed a tentacled monstrosity
 32177 | Vaults:1 | Reached skill level 26 in Polearms
 32328 | Vaults:1 | Received a gift from Yredelemnul (a vampire)
 32477 | Vaults:1 | Found Zeuskyre's Antique Armour Shop.
 32782 | Vaults:2 | Found Oru Umocw's Distillery.
 32905 | Vaults:2 | Identified the +8 arbalest of the Saviour {venom, *Corrode
                  | rC+ rN++}
 32910 | Vaults:2 | Received a gift from Yredelemnul (a ghoul)
 33117 | Vaults:2 | Received a gift from Yredelemnul (a skeletal warrior)
 33381 | Vaults:2 | Reached XP level 19. HP: 101/159 MP: 28/28
 33862 | Vaults:2 | Found a runed gate.
 33862 | Vaults:2 | Found a runed gate.
 33862 | Vaults:2 | Found a runed gate.
 34303 | Vaults:2 | Noticed Viusuagh's ghost (adept MiSk)
 34405 | Vaults:3 | Noticed Margery
 34420 | Vaults:3 | Killed Margery
 34462 | Vaults:3 | Noticed Xtahua
 34474 | Vaults:3 | Killed Xtahua
 34475 | Vaults:3 | Received a gift from Yredelemnul (a skeletal warrior)
 34552 | Vaults:3 | Found Mudo Ekh's General Store.
 34847 | Vaults:3 | Found a staircase to the Crypt.
 34926 | Vaults:3 | Paralysed by a great orb of eyes for 7 turns
 35121 | Vaults:3 | Received a gift from Yredelemnul (a ghoul)
 35864 | Vaults:4 | Received a gift from Yredelemnul (a phantasmal warrior)
 36172 | Vaults:4 | Reached XP level 20. HP: 160/168 MP: 30/30
 36596 | Vaults:4 | Reached skill level 10 in Air Magic
 36658 | Vaults:4 | Received a gift from Yredelemnul (a ghoul)
 37188 | Depths:1 | Entered Level 1 of the Depths
 37188 | Depths:1 | Noticed a golden dragon
 37188 | Depths:1 | Noticed a golden dragon
 37322 | Elf:1    | Entered Level 1 of the Elven Halls
 37374 | Elf:1    | Noticed a Brimstone Fiend
 37523 | Elf:1    | Received a gift from Yredelemnul (a vampire knight)
 37741 | Elf:1    | Noticed Donald
 37747 | Elf:1    | Killed Donald
 38613 | Elf:2    | Found a ruined gateway.
 38810 | Elf:2    | Found a huge runed gate.
 38810 | Elf:2    | Found a huge runed gate.
 38810 | Elf:2    | Found a huge runed gate.
 38810 | Elf:2    | Found a huge runed gate.
 38812 | Elf:2    | Found a huge runed gate.
 38984 | Elf:2    | Received a gift from Yredelemnul (a flayed ghost)
 39570 | Elf:2    | Received a gift from Yredelemnul (a skeletal warrior)
 39780 | Elf:3    | Entered Level 3 of the Elven Halls
 39792 | Elf:3    | Found Tetyaray's Distillery.
 39800 | Elf:3    | Found Lammelaoju's Antique Armour Shoppe.
 39805 | Elf:3    | Bought an embroidered cloak for 157 gold pieces
 39805 | Elf:3    | Bought an aquamarine-studded chain mail for 199 gold pieces
 39806 | Elf:3    | Identified the +5 chain mail of the Camelopard {*Drain MR+
                  | rCorr} (You bought it in a shop on level 3 of the Elven
                  | Halls)
 40004 | Elf:3    | Noticed a Brimstone Fiend
 40758 | Elf:3    | Identified the +10 great sword "Megent" {flame, rElec rF-
                  | Str+3}
 40759 | Elf:3    | Identified the cursed ring "Maivamn" {+Inv rF+ EV-3}
 40773 | Elf:3    | Reached XP level 21. HP: 143/175 MP: 33/33
 40788 | Elf:3    | Received a gift from Yredelemnul (a ghoul)
 40793 | Elf:3    | Received a gift from Yredelemnul (a vampire)
 41025 | Elf:3    | Identified the +9 flail of the Queen {flame, Str+4}
 41407 | Elf:3    | Identified Sif Muna's Volume of Snow and Shape Shifting
 41421 | Elf:3    | Identified Sif Muna's Volume of the Hurtful Voyage
 41429 | Elf:3    | Identified the ring "Qegamein" {rPois Int+2 Stlth-} (You
                  | found it on level 3 of the Elven Halls)
 42103 | Shoals:4 | Bought a book of Battle for 440 gold pieces
 42103 | Shoals:4 | Bought a book of Unlife for 715 gold pieces
 42106 | Shoals:4 | Learned a level 2 spell: Song of Slaying
 42109 | Shoals:4 | Learned a level 2 spell: Shroud of Golubria
 42116 | Shoals:4 | Learned a level 6 spell: Death Channel
 42522 | Crypt:1  | Entered Level 1 of the Crypt
 42557 | Crypt:1  | Received a gift from Yredelemnul (a ghoul)
 42585 | Crypt:1  | Received a gift from Yredelemnul (a flayed ghost)
 42614 | Crypt:1  | Reached skill level 1 in Translocations
 42710 | Crypt:1  | Paralysed by a vampire knight for 6 turns
 42856 | Crypt:1  | Reached skill level 1 in Necromancy
 42939 | Crypt:1  | Got a steaming scale mail
 42940 | Crypt:1  | Identified the +2 scale mail of the Engineer {*Drain Str+4
                  | SInv} (You found it on level 1 of the Crypt)
 43565 | Crypt:2  | Reached skill level 27 in Polearms
 43805 | Crypt:2  | Noticed Jory
 43818 | Crypt:2  | Killed Jory
 44212 | Crypt:3  | Entered Level 3 of the Crypt
 44259 | Crypt:3  | Received a gift from Yredelemnul (a skeletal warrior)
 44614 | Crypt:3  | Reached skill level 15 in Charms
 44632 | Crypt:3  | Received a gift from Yredelemnul (a skeletal warrior)
 44706 | Crypt:3  | Noticed a curse toe
 44709 | Crypt:3  | Noticed a bone dragon
 44713 | Crypt:3  | Killed a curse toe
 44713 | Crypt:3  | Reached XP level 22. HP: 107/180 MP: 35/35
 44747 | Crypt:3  | Found a basalt altar of Yredelemnul.
 44753 | Crypt:3  | Found an ancient bone altar of Kikubaaqudgha.
 44814 | Crypt:3  | Identified the Compendium of Dark Arts
 44936 | Crypt:3  | Found a staircase to the Tomb.
 45678 | Shoals:4 | Bought a book of the Warp for 990 gold pieces
 45687 | Shoals:4 | Learned a level 8 spell: Controlled Blink
 46042 | Depths:1 | Received a gift from Yredelemnul (a phantasmal warrior)
 46091 | Depths:2 | Received a gift from Yredelemnul (a flayed ghost)
 46275 | Depths:2 | Received a gift from Yredelemnul (a vampire knight)
 46482 | Depths:2 | Received a gift from Yredelemnul (a bone dragon)
 46490 | Depths:2 | Reached skill level 5 in Necromancy
 46499 | Depths:2 | Noticed a golden dragon
 46509 | Depths:2 | Killed a golden dragon
 46509 | Depths:2 | Reached skill level 5 in Translocations
 46536 | Depths:2 | Found a gateway to Hell.
 46628 | Depths:2 | Got a transparent zirconium amulet
 46640 | Depths:2 | Identified the amulet "Cuho" {Spirit rF+++ MR++ Str-3
                  | Int-2} (You found it on level 2 of the Depths)
 46665 | Depths:2 | Identified the cursed +1 spear "Dorchiddenk" {elec, Str+4
                  | Dex+3} (You found it on level 2 of the Depths)
 46671 | Depths:2 | Noticed a juggernaut
 46673 | Depths:2 | Found a runed door.
 47431 | Depths:1 | Reached skill level 10 in Spellcasting
 47443 | Depths:1 | Reached skill level 1 in Armour
 47464 | Depths:1 | Got a fine ring mail
 47465 | Depths:1 | Identified the +1 ring mail of Ecamody {Str+7 Dex-3} (You
                  | acquired it on level 1 of the Depths)
 47493 | Depths:1 | Killed a golden dragon
 47511 | Depths:1 | Received a gift from Yredelemnul (a vampire knight)
 47515 | Depths:1 | Killed a golden dragon
 47700 | Depths:1 | Found a transporter.
 47702 | Depths:1 | Noticed a juggernaut
 47704 | Depths:1 | Noticed Mosown's ghost (adept MiFi)
 47747 | Depths:1 | Found a transporter.
 47866 | Depths:1 | Received a gift from Yredelemnul (a vampire)
 48454 | Hell     | Entered the Vestibule of Hell
 48454 | Hell     | Noticed Geryon
 48471 | Depths:3 | Found a runed gate.
 48471 | Depths:3 | Found a runed gate.
 48471 | Depths:3 | Found a runed gate.
 48474 | Depths:3 | Noticed a golden dragon
 48485 | Depths:3 | Killed a golden dragon
 48485 | Depths:3 | Reached XP level 23. HP: 179/188 MP: 34/37
 48502 | Depths:3 | Noticed Saint Roka
 48520 | Depths:3 | Killed Saint Roka
 48559 | Depths:3 | Received a gift from Yredelemnul (a vampire)
 48688 | Depths:3 | Received a gift from Yredelemnul (a vampire)
 48987 | Depths:3 | Noticed Mennas
 49018 | Depths:3 | Killed Mennas
 49111 | Depths:3 | Received a gift from Yredelemnul (a vampire knight)
 49230 | Depths:3 | Found a one-way gate leading to the halls of Pandemonium.
 49332 | Depths:3 | Found a gateway to a ziggurat.
 49481 | Depths:3 | Noticed Asterion
 49502 | Depths:3 | Killed Asterion
 49512 | Depths:3 | Received a gift from Yredelemnul (a profane servitor)
 49817 | Depths:4 | Received a gift from Yredelemnul (a profane servitor)
 49886 | Depths:4 | Reached skill level 5 in Armour
 50208 | Depths:4 | Received a gift from Yredelemnul (a flayed ghost)
 50464 | Depths:4 | Found a one-way gate to the infinite horrors of the Abyss.
 50742 | Depths:4 | Noticed a golden dragon
 50748 | Depths:4 | Killed a golden dragon
 50750 | Depths:4 | Received a gift from Yredelemnul (a vampire)
 50838 | Depths:5 | Entered Level 5 of the Depths
 51047 | Depths:5 | Reached XP level 24. HP: 139/197 MP: 28/37
 51096 | Depths:5 | Received a gift from Yredelemnul (a profane servitor)
 51548 | Depths:5 | Found a gate to the Realm of Zot.
 51759 | Depths:5 | Received a gift from Yredelemnul (a skeletal warrior)
 52359 | Vaults:1 | Bought a potion of resistance for 160 gold pieces
 52359 | Vaults:1 | Bought a potion of might for 64 gold pieces
 52359 | Vaults:1 | Bought a potion of curing for 48 gold pieces
 52359 | Vaults:1 | Bought a potion of haste for 160 gold pieces
 52476 | Vaults:5 | Entered Level 5 of the Vaults
 52495 | Vaults:5 | Noticed an ancient lich
 52512 | Vaults:5 | Killed an ancient lich
 53148 | Vaults:5 | Identified the +9 demon blade of the Lair of Beasts
                  | {freeze, MR+ SInv}
 53657 | Vaults:5 | Reached skill level 10 in Necromancy
 53677 | Vaults:5 | Reached skill level 10 in Translocations
 53790 | Vaults:5 | Received a gift from Yredelemnul (a skeletal warrior)
 53917 | Vaults:5 | Reached XP level 25. HP: 197/208 MP: 37/38
 53999 | Vaults:5 | Received a gift from Yredelemnul (a profane servitor)
 54104 | Vaults:5 | Found Pogro's Antique Armour Shop.
 54405 | Vaults:5 | Identified the +7 scythe of Cheibriados's Wrath {slice,
                  | Dex+2}
 54478 | Vaults:5 | Got a silver rune of Zot
 54510 | Vaults:5 | Received a gift from Yredelemnul (a vampire)
 54590 | Vaults:5 | Identified a +1 pair of boots of running (You found it on
                  | level 5 of the Vaults)
 55101 | Slime:1  | Entered Level 1 of the Pits of Slime
 55179 | Slime:1  | Received a gift from Yredelemnul (a profane servitor)
 55530 | Slime:5  | Entered Level 5 of the Pits of Slime
 55714 | Slime:5  | Noticed the Royal Jelly
 55884 | Slime:4  | Paralysed by a floating eye for 3 turns
 55898 | Slime:4  | Paralysed by a floating eye for 3 turns
 55990 | Slime:4  | Received a gift from Yredelemnul (a ghoul)
 56147 | Slime:5  | HP: 8/210 [the Royal Jelly (11)]
 56148 | Slime:5  | HP: 3/210 [the Royal Jelly (18)]
 56148 | Slime:5  | Splashed by the Royal Jelly's acid

Vault maps used:
D:1:      psy_arrival_radial02
D:2:      first_ration
D:3:      chequers_ecumenical_altar_simple, uniq_robin, uniq_jessica
D:4:      yredelemnul_altar_generic, serial_shops, shop, st_stairs_3,
          nicolae_qazlal_eye_of_the_storm, uniq_pikel
D:5:      serial_shops, nicolae_shop_waterfront
D:6:      minmay_temple_entry_nine_rooms, ebering_ghost_gozag, serial_shops,
          shop
D:7:      enter_ossuary_4, serial_park_tiny_pond, nicolae_ru_path_of_blood
D:8:      uniq_psyche, uniq_erica, uniq_maurice
D:9:      cheibrodos_wizards_tower, erik_lair_island
D:10:     kennysheep_orc_monster_closet_entryway
D:12:     hangedman_screamer, grunt_ogre_cave, centaur_isle
D:13:     hangedman_vaults_entry_quadrant_bands, grunt_ministairs_10
D:14:     minmay_misc_feat_five
D:15:     gammafunk_enter_depths_forms, serial_park_paths, serial_corexii_hall,
          chequers_hall_statues_corner_a, corexii_hall_statues_s
Temple:   compressed_dpeg_triangle_lava_temple
Lair:1:   minmay_lair_venomous_thicket, gammafunk_ghost_hive, grunt_megastairs_4
Lair:2:   small_statue_intersection
Lair:3:   spider_nest_entry_rubble, lemuel_fruit_fields
Lair:4:   elwin_shoals_entry_rocks, wad_woods_road_02, lemuel_fruit_fields,
          lemuel_fruit_tree
Lair:5:   nicolae_slime_entry_slimehenge
Lair:6:   grunt_lair_end_beastmaster, basic_altar, uniq_rupert
Shoals:1: ebering_ghost_davey_jones, serial_shops, shop, lemuel_altar_in_water2,
          uniq_kirke, uniq_josephine
Shoals:3: serial_shops, shop
Shoals:4: shoals_end_grunt_ice, serial_shops, shop, nicolae_shop_stone, shop,
          shop, shop
Spider:1: spider_trap, minmay_another_anthill
Spider:2: nicolae_spider_cling_ruins
Spider:3: spider_trap
Spider:4: spider_rune_water, nicolae_looking_at_the_future, uniq_arachne
Slime:1:  cheibrodos_slime_lost_civilization_7
Slime:3:  cheibrodos_slime_lost_civilization_4
Orc:1:    hangedman_minor_magic
Orc:2:    st_orc_rangers
Elf:1:    orc_legates, uniq_donald
Elf:2:    portal_desolation_entry_garden, basic_stair_grate_trap
Elf:3:    elf_hall, minmay_shoptagon
Vaults:1: ontoclasm_vaults_ligature, v_misc_16, dpeg_vaults_waves,
          hangedman_vaults_restitches, grunt_vaults_hallway_short,
          vaults_room_door_ring, serial_shops, shop_fountains, shop, shop, shop,
          nicolae_shop_trees
Vaults:2: gammafunk_vaults_ghost_spectres, v_misc_33, v_misc_18, v_misc_10,
          nicolae_vaults_yaktaur_gun_rack, v_misc_12, v_misc_9, serial_shops,
          nicolae_shop_crystal
Vaults:3: minmay_crypt_entry_simple_plaza, ontoclasm_vaults_misaligned,
          nicolae_vaults_network_quinsquares, vaults_mumra_hexcomb,
          hangedman_vaults_stagger, nicolae_vaults_border_crossing,
          vaults_room_octagon, hangedman_vaults_trim,
          vaults_standard_mumra_lines, ontoclasm_vaults_shuriken,
          hangedman_vaults_stretched_pinwheel, vaults_mumra_lcd, serial_shops,
          shop, uniq_margery, uniq_xtahua
Vaults:4: v_misc_22, ontoclasm_vaults_ring_square, v_pattern_2,
          ontoclasm_vaults_ring_square, nicolae_vaults_twisting_passages,
          vaults_mumra_minichess, v_rooms_3, nicolae_vaults_ring_of_whatevers,
          hangedman_vaults_stream, vaults_mumra_bighexcomb, vaults_dpeg_doors,
          ontoclasm_vaults_misaligned, serial_shops, bzr_entry_gold
Vaults:5: serial_shops
Crypt:1:  grunt_crypt_arrival_guarded_gate
Crypt:2:  uniq_jory
Crypt:3:  lightli_unholy_cathedral, minmay_misc_feat_ornament
Depths:1: gammafunk_ghost_arena, hell_entry, roderic_lattice_a, spider_trap,
          evilmike_ambush
Depths:2: minmay_the_grid_triangle_9x9_recursive_2_mashed, mu_enter_wizlab_3,
          hell_entry, corexii_corridor_pit, grunt_decor_fettered,
          chequers_serial_rivers_micro_d, kennysheep_another_room,
          minmay_staircase_windowed_small
Depths:3: onia_ninara_swampy_vault, enter_ziggurat_a,
          ploomutoo_gammafunk_ghost_potion_laboratory,
          pf_vacation_house_of_asmodeus, pan_entry, infiniplex_staircase_pool_2,
          serial_bayou_shore_b, uniq_mennas, uniq_saint_roka, uniq_asterion
Depths:4: minmay_containers, grunt_hell_entry_dis_grunt, minmay_room_of_horrors,
          chequers_serial_rivers_small_a
Depths:5: grunt_bruiser_brothers, hell_entry, wad_floor_pattern_1,
          columned_hall_lemuel

Skill      XL: |  1  2  3  4  5  6  7  8  9 10 11 12 13 14 15 16 17 18 19 20 21 22 23 24 25 |
---------------+----------------------------------------------------------------------------+-----
Polearms       | 5 6 7 8 10 11 14 15 18 21 22 23 24 25 26 27 | 27.0
Fighting       | 3 4 5 6 8 9 10 12 13 15 16 17 18 19 | 19.8
Dodging        | 5 6 7 8 10 11 12 14 16 17 18 19 20 21 | 21.2
Charms         | 5 8 10 12 13 15 | 15.2
Air Magic      | 3 6 8 9 10 11 | 11.2
Spellcasting   | 2 4 6 7 8 9 10 11 12 | 12.1
Translocations | 2 6 8 10 11 | 11.0
Necromancy     | 3 6 8 10 11 | 11.0
Armour         | 2 5 8 9 |  9.0
Throwing       | |  2.0

Action                   |  1- 3 |  4- 6 |  7- 9 | 10-12 | 13-15 | 16-18 | 19-21 | 22-24 | 25-27 || total
-------------------------+-------+-------+-------+-------+-------+-------+-------+-------+-------++-------
Melee: Trident           |   156 |   194 |   280 |   300 |    22 |       |       |       |       ||   952
       Glaive            |       |       |       |   209 |   868 |  1122 |   935 |  1071 |   389 ||  4594
       Tailslap          |       |       |       |       |     5 |    34 |       |     7 |       ||    46
       Unarmed           |       |       |       |       |     4 |       |       |       |       ||     4
Throw: Throwing net      |       |       |     5 |     1 |       |     1 |       |       |       ||     7
 Cast: Song of Slaying   |       |       |       |       |       |       |     7 |    26 |     3 ||    36
       Deflect Missiles  |       |       |       |       |       |       |     1 |     1 |       ||     2
       Death Channel     |       |       |       |       |       |       |       |       |     1 ||     1
Invok: Recall Undead Sla |       |       |       |       |     5 |    16 |    15 |    12 |       ||    48
       Animate Dead      |       |       |       |       |     4 |    10 |     2 |     8 |     2 ||    26
       Stop Recall       |       |       |       |       |       |     1 |       |       |       ||     1
Evoke: Wand              |       |       |     1 |     4 |     8 |     7 |       |    13 |       ||    33
  Use: Scroll            |     9 |     2 |    12 |     9 |     9 |    13 |    18 |    11 |     2 ||    85
       Potion            |       |       |     2 |     1 |     5 |     7 |     9 |    11 |     7 ||    42
 Stab: Sleeping          |     1 |     1 |     2 |     7 |     4 |     8 |     3 |       |       ||    26
       Held in net/web   |       |       |     2 |       |       |       |       |       |       ||     2
       Paralysed         |       |       |       |     1 |     4 |     1 |       |     8 |       ||    14
       Distracted        |       |       |       |     1 |     7 |    22 |    22 |    36 |     4 ||    92
       Petrified         |       |       |       |       |     3 |       |       |       |       ||     3
       Confused          |       |       |       |       |     1 |     4 |       |       |       ||     5
       Invisible         |       |       |       |       |       |     2 |       |       |       ||     2
  Eat: Chunk             |     3 |     3 |     2 |    12 |    12 |    20 |    12 |     9 |     2 ||    75
       Ration            |       |     1 |     3 |     2 |     5 |     5 |     8 |     7 |     2 ||    33
Armor: Leather armour    |    30 |    59 |    51 |    68 |   158 |   154 |    74 |    19 |       ||   613
       Robe              |       |       |       |     6 |       |       |       |       |       ||     6
       Chain mail        |       |       |       |       |       |       |       |   423 |   211 ||   634
Dodge: Dodged            |    91 |   122 |   121 |   227 |   578 |   956 |   445 |   701 |   228 ||  3469
       Deflected         |       |       |       |       |       |       |     1 |    34 |       ||    35

Table legend:
 A = Non-vault XP
 B = Vault XP
 C = Vault XP percentage of total XP
 D = Non-vault monster count
 E = Vault monster count
 F = Vault count percentage of total count
                 A         B        C        D         E       F
            +---------+---------+-------+---------+---------+-------
      Total |  572983 |  479156 |  45.5 |    1601 |     778 |  32.7
            +---------+---------+-------+---------+---------+-------
        D:1 |      55 |       0 |   0.0 |      31 |       0 |   0.0
        D:2 |      60 |       0 |   0.0 |      18 |       0 |   0.0
        D:3 |     301 |      74 |  19.7 |      37 |      13 |  26.0
        D:4 |     214 |     677 |  76.0 |      18 |       3 |  14.3
        D:5 |     365 |       0 |   0.0 |      11 |       0 |   0.0
        D:6 |     605 |       0 |   0.0 |      16 |       0 |   0.0
        D:7 |     383 |       2 |   0.5 |      12 |       2 |  14.3
        D:8 |     780 |    1848 |  70.3 |      15 |       3 |  16.7
        D:9 |     537 |    1904 |  78.0 |      10 |      11 |  52.4
       D:10 |    2643 |    1904 |  41.9 |      17 |      20 |  54.1
       D:11 |    3460 |       0 |   0.0 |      34 |       0 |   0.0
       D:12 |    6719 |    9300 |  58.1 |      42 |      39 |  48.1
       D:13 |    6114 |    6524 |  51.6 |      37 |      21 |  36.2
       D:14 |    9832 |       0 |   0.0 |      29 |       0 |   0.0
       D:15 |    2983 |    7058 |  70.3 |      11 |      14 |  56.0
     Lair:1 |     964 |    2173 |  69.3 |       6 |      14 |  70.0
     Lair:2 |    3644 |       0 |   0.0 |      18 |       0 |   0.0
     Lair:3 |    4775 |     557 |  10.4 |      22 |       1 |   4.3
     Lair:4 |    3774 |     347 |   8.4 |      16 |       1 |   5.9
     Lair:5 |    6278 |      93 |   1.5 |      29 |       6 |  17.1
     Lair:6 |   22514 |   11244 |  33.3 |      52 |      20 |  27.8
   Shoals:1 |   14320 |    9444 |  39.7 |      29 |      16 |  35.6
   Shoals:2 |   16180 |       0 |   0.0 |      33 |       0 |   0.0
   Shoals:3 |   17376 |       0 |   0.0 |      32 |       0 |   0.0
   Shoals:4 |    8689 |   21738 |  71.4 |      17 |      37 |  68.5
   Spider:1 |   17944 |    3803 |  17.5 |      66 |      32 |  32.7
   Spider:2 |    6353 |       0 |   0.0 |      31 |       0 |   0.0
   Spider:3 |   16389 |       0 |   0.0 |      62 |       0 |   0.0
   Spider:4 |    7546 |   15411 |  67.1 |      26 |      50 |  65.8
    Slime:1 |    5925 |       0 |   0.0 |       9 |       0 |   0.0
    Slime:2 |    5476 |       0 |   0.0 |       5 |       0 |   0.0
    Slime:3 |   12928 |       0 |   0.0 |      12 |       0 |   0.0
    Slime:4 |    6824 |       0 |   0.0 |      19 |       0 |   0.0
    Slime:5 |    7112 |    9011 |  55.9 |      14 |       6 |  30.0
      Orc:1 |     574 |       0 |   0.0 |       6 |       0 |   0.0
      Orc:2 |    4647 |    3114 |  40.1 |      73 |      34 |  31.8
      Elf:1 |   16349 |    9821 |  37.5 |      30 |      29 |  49.2
      Elf:2 |   12816 |   13988 |  52.2 |      21 |      26 |  55.3
      Elf:3 |    9108 |   28690 |  75.9 |      21 |      30 |  58.8
   Vaults:1 |   18912 |    6690 |  26.1 |      53 |      11 |  17.2
   Vaults:2 |    8091 |   13052 |  61.7 |      20 |      32 |  61.5
   Vaults:3 |   18701 |   31669 |  62.9 |      49 |      38 |  43.7
   Vaults:4 |   22115 |   42680 |  65.9 |      47 |      51 |  52.0
   Vaults:5 |   20613 |  103517 |  83.4 |      47 |      75 |  61.5
    Crypt:1 |   24881 |       0 |   0.0 |      67 |       0 |   0.0
    Crypt:2 |    9042 |    3211 |  26.2 |      25 |       1 |   3.8
    Crypt:3 |   11959 |   31828 |  72.7 |      21 |      37 |  63.8
   Depths:1 |   30063 |   20685 |  40.8 |      71 |      22 |  23.7
   Depths:2 |   32188 |   18949 |  37.1 |      58 |      13 |  18.3
   Depths:3 |   49709 |   24578 |  33.1 |      71 |      33 |  31.7
   Depths:4 |   31478 |    8499 |  21.3 |      44 |      22 |  33.3
   Depths:5 |   31675 |   15073 |  32.2 |      41 |      15 |  26.8
            +---------+---------+-------+---------+---------+-------
